 Dungeon Crawl Stone Soup version 0.14-b1-49-gc72db44 (webtiles) character file.

1602 Heini the Covered (level 8, -2/71 HPs)
             Began as a Minotaur Fighter on Apr 8, 2014.
             Was an Initiate of Okawaru.
             Slain by a wight
             ... wielding a cursed +3,+2 halberd
              (6 damage)
             ... on Level 6 of the Dungeon.
             The game lasted 00:14:33 (4166 turns).

Heini the Covered (Minotaur Fighter)                Turns: 4166, Time: 00:14:35

HP  -2/71        AC 11     Str 23      XL: 8   Next: 32%
MP   3/3         EV  7     Int  5      God: Okawaru [......]
Gold 289         SH 19     Dex 10      Spells:  0 memorised,  7 levels left

rFire  . . .     SeeInvis .     u - +0 flail
rCold  . . .     Clarity  .     b - +0 scale mail
rNeg   . . .     Conserve .     c - +0 shield
rPois  .         rCorr    .     (helmet restricted)
rElec  .         rRot     .     x - +2 cloak
SustAb . .       Spirit   .     (no gloves)
rMut   .         Warding  .     (no boots)
Gourm  +         Stasis   .     k - amulet of the gourmand
MR     .....                    (no ring)
                                (no ring)

@: drained, not resistant to hostile enchantments, extremely unstealthy
A: retaliatory headbutt, horns 2
a: Renounce Religion


You were on level 6 of the Dungeon.
You worshipped Okawaru.
Okawaru was noncommittal.
You were very full.

You visited 2 branches of the dungeon, and saw 7 of its levels.

You collected 289 gold pieces.

Inventory:

Hand weapons
 a - a +0,+0 flail
 u - a +0,+0 flail (weapon)
Armour
 b - a +0 scale mail (worn)
 c - a +0 shield (worn)
 x - a +2 cloak (worn)
Comestibles
 d - 7 bread rations
 n - 2 meat rations
 q - 2 apples
Scrolls
 f - a scroll of recharging
 i - 3 scrolls of identify
 j - 2 scrolls of enchant weapon I {unknown}
 m - a scroll of random uselessness {unknown}
 o - 4 scrolls of remove curse {unknown}
 p - 4 scrolls of teleportation {unknown}
 s - a scroll of amnesia {unknown}
 v - a scroll of fog {unknown}
 w - a scroll of blinking {unknown}
Jewellery
 k - an amulet of the gourmand (around neck)
 l - an uncursed ring of fire
 t - an uncursed amulet of rage {unknown}
Potions
 e - a potion of might
 h - 6 potions of curing
 r - a potion of cure mutation {unknown}
 z - a potion of flight {unknown}
 A - 2 potions of brilliance {unknown}
Books
 y - a book of the Dragon

   Spells                             Type                      Level
   Flight                             Charms/Air                   3
   Cause Fear                         Hexes                        4
   Bolt of Fire                       Conjuration/Fire             6
   Dragon Form                        Transmutation                7
   Dragon's Call                      Summoning                    9
Carrion
 B - a bat skeleton


   Skills:
 * Level 6.4(5.3) Fighting
 * Level 6.9(5.8) Maces & Flails
 * Level 7.8(6.7) Armour
 + Level 4.1(3.1) Dodging
 - Level 4.4(3.4) Shields


You had 7 spell levels left.
You didn't know any spells.

Dungeon Overview and Level Annotations

Branches:
Dungeon (6/15)             Temple (1/1) D:5

Altars:
Ashenzari
Cheibriados
Dithmenos
Elyvilon
Fedhas
Kikubaaqudgha
Makhleb
Nemelex Xobeh
Okawaru
Sif Muna
Trog
Vehumet
Xom
Yredelemnul
Zin
The Shining One


Innate Abilities, Weirdness & Mutations

You reflexively headbutt those who attack you in melee.
You have a pair of horns on your head.


Message History

The wight hits you but does no damage. You block the wight's attack.
Items here: % )))) [[[ You thump the wight!
The wight is moderately damaged.
The wight hits you with a glowing halberd!
* * * LOW HITPOINT WARNING * * *
You feel drained.
* * * LOW HITPOINT WARNING * * *
You block the wight's attack.
Drink which item? (? for menu, Esc to quit)
You feel better. The wight barely misses you. You furiously retaliate!
You headbutt the wight. The wight hits you with a spear.
* * * LOW HITPOINT WARNING * * *
You hit the wight but do no damage. Your headbutt misses the wight.
The wight is severely damaged.
The wight barely misses you. You furiously retaliate!
You headbutt the wight!
The wight hits you with a glowing halberd!
* * * LOW HITPOINT WARNING * * *
You feel drained.
You die...

#.....# #.....#
#.<...# ####.###
#....# #....#
#....# ####.# #@#
........zz.:.....
..#............
...............
#.#.###.##...##
#. #.# ...# # #.#
## #.# ..#


You could see 2 wights.

Vanquished Creatures
  Eustachio (D:5)
  A necrophage (D:5)
  2 phantoms (D:5)
  An ogre (D:5)
  A giant slug (D:5)
  3 wights (D:6)
  3 crimson imps (D:5)
  2 orc priests (D:4)
  Crazy Yiuf (D:3)
  A gnoll shaman (D:5)
  A centaur skeleton (D:5)
  A hound (D:5)
  An orc wizard (D:4)
  Natasha (thrice) (D:5)
  Jessica (D:2)
  3 adders
  11 gnolls
  An inept item mimic (D:4)
  A worm zombie (D:5)
  A shadow imp (D:5)
  2 worms (D:5)
  2 adder skeletons (D:5)
  6 giant geckos
  2 oozes (D:2)
  5 orcs
  17 bats
  6 giant cockroaches
  10 goblins
  13 hobgoblins
  4 ball pythons
  4 giant newts
  8 jackals
  11 kobolds
  A quokka (D:5)
  10 rats
141 creatures vanquished.

Notes
Turn   | Place    | Note
--------------------------------------------------------------
     0 | D:1      | Heini, the Minotaur Fighter, began the quest for the Orb.
     0 | D:1      | Reached XP level 1. HP: 19/19 MP: 1/1
    87 | D:1      | Reached skill level 4 in Fighting
   115 | D:1      | Reached XP level 2. HP: 25/27 MP: 1/1
   429 | D:1      | Reached XP level 3. HP: 33/33 MP: 2/2
   855 | D:2      | Noticed Jessica
   875 | D:2      | Killed Jessica
   875 | D:2      | Reached skill level 1 in Dodging
   875 | D:2      | Reached XP level 4. HP: 36/41 MP: 2/2
  1385 | D:3      | Reached XP level 5. HP: 33/47 MP: 2/2
  1481 | D:3      | Noticed Crazy Yiuf
  1487 | D:3      | Killed Crazy Yiuf
  2069 | D:4      | Reached skill level 5 in Armour
  2316 | D:4      | Reached skill level 5 in Fighting
  2322 | D:4      | Reached XP level 6. HP: 44/56 MP: 3/3
  2890 | D:5      | Entered Level 5 of the Dungeon
  2976 | D:5      | Reached skill level 5 in Maces & Flails
  3045 | D:5      | Noticed Natasha
  3051 | D:5      | Killed Natasha
  3108 | D:5      | Reached skill level 6 in Armour
  3108 | D:5      | Reached XP level 7. HP: 42/61 MP: 3/3
  3339 | D:5      | Noticed Natasha
  3343 | D:5      | Killed Natasha
  3435 | D:5      | Noticed Natasha
  3442 | D:5      | Killed Natasha
  3455 | D:5      | Noticed a necrophage
  3463 | D:5      | Killed a necrophage
  3463 | D:5      | Reached skill level 7 in Armour
  3528 | D:5      | Found a staircase to the Ecumenical Temple.
  3535 | Temple   | Entered the Ecumenical Temple
  3610 | Temple   | Became a worshipper of Warmaster Okawaru
  3865 | D:5      | Noticed Eustachio
  3899 | D:5      | Killed Eustachio
  3899 | D:5      | Reached XP level 8. HP: 61/70 MP: 3/3
  4013 | D:5      | Found a snail-covered altar of Cheibriados.
  4166 | D:6      | Slain by a wight

Action                   |  1- 3 |  4- 6 |  7- 9 || total
-------------------------+-------+-------+-------++-------
Melee: Flail             |    77 |   197 |   135 ||   409
  Use: Scroll            |       |     5 |       ||     5
       Potion            |       |       |     2 ||     2
